 Dungeon Crawl Stone Soup version 0.27-a0-1200-g94dc6ad4cf (webtiles) character file.

Game seed: 10876042192765821425

111 Gwenloh the Covered (level 4, -2/29 HPs)
             Began as a Gargoyle Fighter on June 1, 2021.
             Slain by an ogre
             ... wielding a +0 giant club
              (28 damage)
             ... on level 3 of the Dungeon.
             The game lasted 00:06:24 (3184 turns).

Gwenloh the Covered (Gargoyle Fighter)              Turns: 3184, Time: 00:06:25

Health: -2/29      AC: 11    Str: 19    XL:     4   Next: 92%
Magic:  4/4        EV:  7    Int:  9    God:
Gold:   89         SH:  9    Dex: 10    Spells: 3/3 levels left

rFire    . . .     SeeInvis .   a - +0 morningstar
rCold    . . .     Faith    .   c - +0 kite shield
rNeg     + . .     Spirit   .   i - +0 scale mail
rPois    ∞         Reflect  .   s - +1 hat
rElec    +         Harm     .   (no cloak)
rCorr    .         Rampage  .   (no gloves)
Will     .....                  (no boots)
Stlth    ..........             (no amulet)
HPRegen  0.09/turn              (no ring)
MPRegen  0.09/turn              (no ring)

@: no status effects
A: sickness immunity, AC +3, negative energy resistance 1, electricity
resistance, torment resistance 1, petrification resistance
a: no special abilities


You were on level 3 of the Dungeon.
You visited 1 branch of the dungeon, and saw 3 of its levels.

You collected 89 gold pieces.

Inventory:

Hand Weapons
 a - a +0 morningstar (weapon)
 b - a +0 hunting sling
 n - a +0 flail
Missiles
 h - 115 stones (quivered)
 r - 27 sling bullets
Armour
 c - a +0 kite shield (worn)
 i - a +0 scale mail (worn)
 s - a +1 hat (worn)
Wands
 t - a wand of paralysis (7)
Scrolls
 e - 4 scrolls of identify {unknown}
 g - 2 scrolls of fear {unknown}
 j - 5 scrolls of teleportation {unknown}
 o - a scroll of amnesia {unknown}
 p - a scroll of enchant armour {unknown}
Potions
 d - a potion of might
 f - a potion of degeneration {unknown}
 k - a potion of haste {unknown}
 l - a potion of lignification {unknown}
 m - 2 potions of curing {unknown}
 q - a potion of magic {unknown}
 u - a potion of berserk rage {unknown}
 v - a potion of mutation {unknown}


   Skills:
 + Level 4.0 Fighting
 * Level 3.4 Maces & Flails
 + Level 4.0 Armour
 + Level 3.9 Shields


You had 3 spell levels left.
You didn't know any spells.
Your spell library contained the following spells:

 Spells                   Type           Power      Damage    Failure   Level
 Confusing Touch          Hex            0%         N/A       100%        3
 Gell's Gravitas          Tloc           0%         N/A       100%        3
 Petrify                  Tmut/Erth      0%         N/A       100%        4
 Metabolic Englaciation   Hex/Ice        0%         N/A       100%        5
 Yara's Violent Unravell  Hex/Tmut       0%         3d3       100%        5


Dungeon Overview and Level Annotations

Branches:
Dungeon (3/15)

Altars:
Fedhas


Innate Abilities, Weirdness & Mutations

You are immune to sickness and miasma.
Your stone body is resilient. (AC +3)
You are immune to poison.
You resist negative energy. (rN+)
You are resistant to electric shocks. (rElec)
You are resistant to unholy torment.
You are immune to petrification.


Message History

The plants of the dungeon cease their hostilities.
Really renounce your faith, foregoing its fabulous benefits?
Are you sure?
You have lost your religion!
Fedhas does not appreciate desertion!
The plants of the dungeon turn on you.
u - a grey potion
v - a sedimented inky potion An adder comes into view.
The adder hisses angrily.
You sock the adder!
You kill the adder!
Your Fighting skill increases to level 4!
No target in view!
You see here an adder corpse.
You now have 76 gold pieces (gained 6).
You now have 89 gold pieces (gained 13).
e - 4 scrolls labelled WUCSOO XADUER (gained 1)
h - 119 stones (gained 10)
An ogre comes into view. It is wielding a +0 giant club.
The ogre shouts!
b - a +0 hunting sling (weapon)
You shoot a stone. The stone hits the ogre.
The ogre is lightly wounded.
You shoot a stone. The stone completely misses the ogre.
You shoot a stone. The stone hits the ogre!
The ogre is moderately wounded.
You shoot a stone. The stone hits the ogre.
The ogre is moderately wounded.
The ogre hits you with a +0 giant club.
a - a +0 morningstar (weapon)
The ogre barely misses you.
You barely miss the ogre.
The ogre is moderately wounded.
You block the ogre's attack.
You sock the ogre!
The ogre is severely wounded.
The ogre hits you with a +0 giant club!!
Ouch! That really hurt!
You die...

###.# #.# #.# #.# #
#.# #. #.# #.. #.#
###...#### #.#
(.(..(O@.#### ##.##
............# ##...##
..........#.# #.....#
###...#.#.#.# ##...##
#...#.#.#.#####.####..
#...#.#..............#
##. #.....#####.######
#. ####### #+#


You could see an ogre.

Vanquished Creatures
  Terence (D:3)
  3 adders
  A worm (D:2)
  7 ball pythons
  6 endoplasms
  3 goblins (D:2)
  4 hobgoblins
  6 jackals
  7 kobolds
  3 quokkas
  5 bats
  2 frilled lizards
  8 rats
56 creatures vanquished.

Vanquished Creatures (others)
  2 demonic plants (D:3)
  A fungus (D:3)
  A plant (D:3)
  4 withered plants (D:3)
8 creatures vanquished.

Grand Total: 64 creatures vanquished

Notes
Turn   | Place    | Note
-------+----------+-------------------------------------------
     0 | D:1      | Gwenloh the Gargoyle Fighter began the quest for the Orb.
     0 | D:1      | Reached XP level 1. HP: 14/14 MP: 1/1
    87 | D:1      | Reached XP level 2. HP: 4/19 MP: 2/2
  1116 | D:2      | Reached XP level 3. HP: 23/23 MP: 3/3
  2085 | D:2      | Reached XP level 4. HP: 29/29 MP: 4/4
  2882 | D:3      | Found a faded altar of an unknown god.
  2886 | D:3      | Noticed Terence
  2913 | D:3      | Killed Terence
  2991 | D:3      | Became a worshipper of Fedhas Madash
  2991 | D:3      | Reached * piety under Fedhas
  2992 | D:3      | Fell from the grace of Fedhas
  3176 | D:3      | Noticed an ogre
  3184 | D:3      | Slain by an ogre

Illustrated notes

Levels and vault maps discovered:
D:1:      roderic_crossed_star, layout_basic, corexii_corridor_pit,
          chequers_serial_rivers_room_a
D:2:      minmay_general_purpose_star, layout_basic, st_stairs_12,
          amcnicky_mini_pool_small, grunt_decor_arrowhead, minmay_puff
D:3:      layout_loops_corners, jmf_multi_god_temple2,
          gammafunk_temple_overflow_pools, shapermc_ecumenical_altar_gd,
          uniq_terence

Skill      XL: |  1  2  3  4 |
---------------+-------------+-----
Maces & Flails | 3 |  3.4
Armour         | 4 |  4.0
Fighting       | 4 |  4.0
Shields        | |  3.9

Action                   |  1- 3 |  4- 6 || total
-------------------------+-------+-------++-------
Melee: Flail             |    80 |       ||    80
       Morningstar       |     3 |    54 ||    57
 Fire: Hunting sling     |    60 |    14 ||    74
Throw: Stone             |     1 |     2 ||     3
Invok: Renounce Religion |       |     1 ||     1
Armor: Scale mail        |    65 |    17 ||    82
Dodge: Dodged            |    42 |    11 ||    53
Block: Kite shield       |    63 |    33 ||    96

Table legend: (Time is in decaauts)
 A = Elapsed time spent in this place.
 B = Non-inter-level travel time spent in this place.
 C = Inter-level travel time spent in this place.
 D = Time resting spent in this place.
 E = Time spent auto-exploring this place.
 F = Levels seen in this place.
 G = Mean time per level.
                   A        B        C        D        E       F      G
               +--------+--------+--------+--------+--------+-----+--------+
         Total |   3271 |   3188 |     83 |     65 |   2568 |   3 | 1090.3 |
       Dungeon |   3271 |   3188 |     83 |     65 |   2568 |   3 | 1090.3 |
               +--------+--------+--------+--------+--------+-----+--------+

Top non-repeatable levels by time:
     D:2: 1500 daAuts
     D:1: 1143 daAuts
     D:3: 627 daAuts
